 Dungeon Crawl Stone Soup version 0.31.0-1-g2c135a008e (webtiles) character file.

Game seed: 6646719116461755521

344 qw the Shooter (level 6, -19/47 HPs)
             Began as a Djinni Hunter on Jan 24, 2024.
             Demolished by Menkaure (21 damage)
             ... on level 5 of the Dungeon.
             The game lasted 00:00:11 (2793 turns).

qw the Shooter (Djinni Hunter)                      Turns: 2793, Time: 00:00:12

Health: -19/47     AC:  5    Str: 10    XL:     6   Next: 89%
Gold:   115        EV: 11    Int: 11    God:
                   SH:  0    Dex: 18

rFire   + . .        d - +0 orcbow
rCold   . . .        (shield currently unavailable)
rNeg    + . .        m - +0 ring mail
rPois   inf          (no helmet)
rElec   .            (no cloak)
rCorr   .            (no gloves)
SInv    .            (boots unavailable)
Will    .....        (no amulet)
Stlth   +            g - ring of positive energy
HPRegen 0.27/turn    b - ring of ice
MPRegen 0.00/turn

%: infuse magic (-20 HP)
@: flying
A: sickness immunity, fire resistance 2, cold vulnerability 1, float, innate
caster, HP casting, extra vitality 1
a: no special abilities


You were on level 5 of the Dungeon.
You visited 1 branch of the dungeon, and saw 5 of its levels.

You collected 150 gold pieces.
You spent 35 gold pieces at shops.


Innate Abilities, Weirdness & Mutations

You are immune to sickness and miasma.
You are immune to poison.
Your flesh is very heat resistant. (rF++)
You are vulnerable to cold. (rC-)
You float through the air rather than walking.
You learn spells naturally, not from books.
Your magical power is your life essence.
You have superior vitality. (+4 MHP)


   Skills:
 + Level 3.6 Fighting
 - Level 5.0 Ranged Weapons
 - Level 2.4 Armour
 - Level 3.0 Dodging
 - Level 0.7 Stealth


You knew the following spells:

 Your Spells              Type           Power      Damage    Failure   Level
a - Magic Dart            Conj           0%         1d3       65%         1
b - Mercury Vapours       Alch/Air       0%         N/A       78%         2
Your spell library was empty.

Inventory:

Hand Weapons
 d - a +0 orcbow (weapon)
Armour
 m - a +0 ring mail (worn)
Jewellery
 b - a ring of ice (right hand)
 g - a ring of positive energy (left hand)
Potions
 e - a potion of curing
 f - a potion of might {unknown}
 h - a potion of mutation {unknown}
 i - 2 potions of resistance {unknown}
 j - a potion of enlightenment {unknown}
 k - a potion of brilliance {unknown}
 l - 3 potions of heal wounds

Dungeon Overview and Level Annotations

Branches:
Dungeon (5/15)
 Temple: D:4-7

Altars:
Hepliaklqana
Xom
Zin

Shops:
D:4 (

Annotations:
D:5 Menkaure, Prince Ribbit


Message History

You kill the adder!
You start resting.
HP restored.
You reach down and open the door.
You now have 115 gold pieces (gained 5).
Prince Ribbit comes into view.
Found 8 gold pieces.
Prince Ribbit gives a loud, deep croak!
You shoot an arrow. The arrow barely misses Prince Ribbit.
Prince Ribbit hits you. x2
You shoot an arrow. The arrow hits Prince Ribbit.
Prince Ribbit is lightly wounded.
Prince Ribbit closely misses you.
Prince Ribbit blinks!
You shoot an arrow. The arrow closely misses Prince Ribbit.
Menkaure, Prince of Dust comes into view.
You shoot an arrow. The arrow misses Prince Ribbit.
Menkaure shouts!
You hear a shout!
Menkaure's bandages flutter.
Menkaure gestures wildly while chanting.
Menkaure seems to speed up.
Enter note:
Enter note:
Enter note: You shoot an arrow.
The arrow barely misses Prince Ribbit.
You shoot an arrow. The arrow misses Prince Ribbit.
Prince Ribbit hits you! x2
You shoot an arrow. The arrow closely misses Prince Ribbit.
Prince Ribbit hits you. Prince Ribbit closely misses you.
Menkaure's bandages flutter.
Menkaure gestures at you while chanting.
Pain shoots through your body!
You shoot an arrow. The arrow barely misses Prince Ribbit.
Prince Ribbit blinks!
You shoot an arrow. The arrow hits Menkaure!
Menkaure is moderately damaged.
Menkaure hits you!
An orc wizard comes into view. It is wielding a +4 dagger.
Menkaure hits you!!
You die...

o....# ....+ ....# ...#
.### #..# .......#.F# ##
.......$M¤# #.#+#
...######@# ##...###
..........# +......#
..........### ##......#
..........#.. #.......#
..........#.# #.......+
..........#.# #.......#
..........#.# ###......#
..........#'#####.'......#
#######...........##...###


You could see Prince Ribbit, Menkaure (fast) and an orc wizard.

Vanquished Creatures
  An ogre (D:5)
  2 hounds (D:4)
  13 adders
  A shadow imp (D:3)
  A ribbon worm (D:4)
  3 dart slugs
  3 orcs (D:3)
  6 bats
  5 endoplasms
  2 giant cockroaches
  6 hobgoblins
  3 jackals (D:3)
  5 kobolds
  3 quokkas
  6 ball pythons
  3 frilled lizards
  2 goblins
  4 rats
  A butterfly (D:5)
70 creatures vanquished.

Notes
Turn   | Place    | Note
-------+----------+-------------------------------------------
     0 | D:1      | qw the Djinni Hunter began the quest for the Orb.
     0 | D:1      | Reached XP level 1. HP: 18/18 MP: 0/0
     0 | D:1      | 0 ||| qw: Version: 0.3-a-136-gdd3b4e8
     0 | D:1      | 0 ||| qw: Game counter: 1304
     0 | D:1      | 0 ||| qw: Melee chars always use a shield: true
     0 | D:1      | 0 ||| qw: God list: Okawaru
     0 | D:1      | 0 ||| qw: Allow faded altars: false
     0 | D:1      | 0 ||| qw: Do Orc after clearing Dungeon:15 true
     0 | D:1      | 0 ||| qw: Do second Lair branch before Depths: true
     0 | D:1      | 0 ||| qw: Lair rune preference: random
     0 | D:1      | 0 ||| qw: Goals: Normal
     0 | D:1      | 0 ||| PLANNING D:1-11
   253 | D:1      | Reached XP level 2. HP: 23/23 MP: 0/0
   550 | D:1      | 550 ||| READING scroll labelled JYMA VAWUFE.
   551 | D:1      | 551 ||| DRINKING 3 yellow potions.
   552 | D:1      | 552 ||| DROPPING scroll of butterflies.
   586 | D:2      | Reached skill level 4 in Ranged Weapons
   586 | D:2      | Reached XP level 3. HP: 21/28 MP: 0/0
   586 | D:2      | Learned a level 1 spell: Magic Dart
   591 | D:2      | 591 ||| FLEEEEING.
   761 | D:2      | Reached XP level 4. HP: 29/34 MP: 0/0
   877 | D:2      | Reached skill level 3 in Fighting
  1235 | D:2      | 1235 ||| READING scroll labelled XUF OHEITHOT.
  1236 | D:2      | 1236 ||| READING scroll labelled XOOCKUJAO.
  1337 | D:2      | 1337 ||| READING scroll labelled GEWOUK NYKLEER.
  1338 | D:2      | 1338 ||| DRINKING 2 viscous clear potions.
  1339 | D:2      | 1339 ||| DRINKING 2 cyan potions.
  1340 | D:2      | 1340 ||| DRINKING 2 potions of curing.
  1340 | D:2      | 1340 ||| (to cure confusion)
  1341 | D:2      | 1341 ||| DROPPING potion of attraction.
  1342 | D:2      | 1342 ||| DROPPING potion of ambrosia.
  1374 | D:3      | Reached skill level 3 in Dodging
  1492 | D:3      | Reached XP level 5. HP: 17/40 MP: 0/0
  1492 | D:3      | Learned a level 2 spell: Mercury Vapours
  1685 | D:3      | 1685 ||| FLEEEEING.
  1686 | D:3      | 1686 ||| FLEEEEING.
  1687 | D:3      | 1687 ||| FLEEEEING.
  1793 | D:3      | Found a hazy altar of Hepliaklqana.
  1795 | D:3      | Identified the +0 plate armour of Cebrops {rF+ MP-9 Str-5
                  | Slay+4}
  1910 | D:3      | 1910 ||| UPGRADING to ring of positive energy.
  1911 | D:3      | 1911 ||| READING scroll labelled FAITOHAROOHO.
  1912 | D:3      | 1912 ||| READING scroll labelled SELEOFOCAW.
  1912 | D:3      | 1912 ||| ENCHANTING +0 shortbow.
  1913 | D:3      | 1913 ||| DRINKING 2 glowing ruby potions.
  1914 | D:3      | 1914 ||| DROPPING potion of magic.
  1986 | D:4      | Reached XP level 6. HP: 37/46 MP: 0/0
  1999 | D:4      | Reached skill level 5 in Ranged Weapons
  2105 | D:4      | Found Yrrein's Weapon Shop.
  2113 | D:4      | 2113 ||| BUYING +0 orcbow (35 gold).
  2113 | D:4      | Bought a +0 orcbow for 35 gold pieces
  2113 | D:4      | 2113 ||| SHOPLISTING +1 heavy orcbow (133 gold, have 56).
  2113 | D:4      | 2113 ||| SWAPPING to +0 orcbow.
  2114 | D:4      | 2114 ||| DROPPING +0 shortbow.
  2349 | D:4      | Identified the +0 dagger "Vomin" {freeze, rPois Str+5
                  | Dex-3}
  2456 | D:4      | 2456 ||| UPGRADING to +0 ring mail.
  2466 | D:4      | 2466 ||| DROPPING +0 leather armour.
  2467 | D:4      | 2467 ||| UPGRADING to ring of ice.
  2468 | D:4      | 2468 ||| READING scroll labelled YMUODI EBBAISS.
  2469 | D:4      | 2469 ||| DRINKING 3 puce potions.
  2488 | D:5      | Entered Level 5 of the Dungeon
  2510 | D:5      | Found a glowing silver altar of Zin.
  2569 | D:5      | Found a shimmering altar of Xom.
  2664 | D:5      | Noticed an ogre
  2667 | D:5      | Killed an ogre
  2784 | D:5      | Noticed Prince Ribbit
  2787 | D:5      | Noticed Menkaure
  2793 | D:5      | HP: 2/47 [Menkaure (13)]
  2793 | D:5      | Demolished by Menkaure

Levels and vault maps discovered:
D:1:      dpeg_arrival_tiny_g, layout_loops_ring
D:2:      layout_basic
D:3:      layout_basic, nicolae_hepliaklqana_hazy_memory
D:4:      layout_cave_pools, serial_shops, nicolae_shop_bloodbath_and_beyond,
          chequers_serial_rivers_micro_c
D:5:      nicolae_cairo_tiling_very_big, layout_basic, old_standard_altar,
          xom_butterflies, uniq_menkaure, uniq_prince_ribbit1, uniq_grinder

Skill      XL: |  1  2  3  4  5  6 |
---------------+-------------------+-----
Ranged Weapons | 4 5 |  5.0
Fighting       | 3 |  3.6
Dodging        | 3 |  3.0
Armour         | 2 |  2.4
Stealth        | |  0.7

Action                     |  1- 3 |  4- 6 || total
---------------------------+-------+-------++-------
   Fire: Shortbow          |    71 |   151 ||   222
         Orcbow            |       |    50 ||    50
    Use: Scroll            |     1 |     6 ||     7
         Potion            |     1 |     5 ||     6
 Armour: Leather armour    |    14 |    53 ||    67
         Ring mail         |       |    20 ||    20
  Dodge: Dodged            |    14 |    73 ||    87

Table legend:
 A = Non-vault XP
 B = Vault XP
 C = Vault XP percentage of total XP
 D = Non-vault monster count
 E = Vault monster count
 F = Vault count percentage of total count
                 A         B        C        D         E       F
            +---------+---------+-------+---------+---------+-------
      Total |     492 |       0 |   0.0 |      69 |       0 |   0.0
            +---------+---------+-------+---------+---------+-------
        D:1 |      16 |       0 |   0.0 |      11 |       0 |   0.0
        D:2 |      96 |       0 |   0.0 |      21 |       0 |   0.0
        D:3 |      72 |       0 |   0.0 |      20 |       0 |   0.0
        D:4 |     147 |       0 |   0.0 |      13 |       0 |   0.0
        D:5 |     161 |       0 |   0.0 |       4 |       0 |   0.0
            +---------+---------+-------+---------+---------+-------
